Hakan, chaotic male human Barbarian ------ |))))..#### --------------- -------- |)))) # |.............| #...#...| |)) f@#--------- |.............| #|......| --- #-.......| |.............-######.....{..# |.......| |.........{...| #--------# |..|....| -----------.-+- ### # |.>......## # # # # --------- # #%# # # # ### # # # # # ########## # # # ### ------|---- ### # # # |.........| ####### # # ## ##-.........+#### ---.-.------# #---------- |.<.......| # |..........|# #|........| |..........####%...........|# #|......>.| ----------- ||..........# #.........| ------------ ---------- Hakan the Pillager Experience level: 4 Strength: 18 Dexterity: 16 Constitution: 18 Intelligence: 9 Wisdom: 8 Charisma: 6 Health: 0(37) Energy: 8(8) Def: 6 Gold: 0 Moves: 1191 Dungeon seed: R4U5tm6KsXrkkxhb Game ID: Hakan_1517662541 Your Inventory: Weapons a - a +0 battle-axe (weapon in hands) b - a +0 short sword (alternate weapon; not wielded) d - a +0 orcish dagger j - 7 +0 darts m - 6 +0 daggers o - a +2 dart p - a blessed +1 elven dagger Armor e - an uncursed +0 ring mail (being worn) n - an uncursed +0 orcish helm (being worn) r - an uncursed +0 pair of iron shoes (being worn) Comestibles s - an uncursed food ration t - an uncursed tin of green mold Potions k - an uncursed potion of object detection l - an uncursed potion of extra healing Wands i - a wand of undead turning (0:4) Gems q - an uncursed worthless piece of violet glass Spells and supernatural/magical abilities: Name Level Category Fail Memory W - pray for help -- divine ? -- Your skills at the end: Fighting Skills bare handed combat [Basic] Weapon Skills axe [Basic] short sword [Basic] Spellcasting Skills Final Attributes: You were piously aligned. You were poison resistant. You are dead. Vanquished creatures: 2 gnome lords 2 dwarves an acid blob a hobbit a large kobold 4 gnomes a gecko a fox a kobold a goblin 2 sewer rats 2 grid bugs 2 lichens 2 kobold zombies 2 newts 25 creatures vanquished. Voluntary challenges: You followed a strict vegan diet. You were an atheist. You used a wielded weapon 21 times, starting on turn 44. You read items or engraved 2 times, starting on turn 513. You never genocided any monsters. You never polymorphed an object. You never changed form. You used no wishes. You never split a pudding. You never wrote Elbereth's name. You never violated your personal moral code. Dungeon overview: The Dungeons of Doom: levels 1 to 3 Level 1 some fountains a long staircase Level 2 Level 3 <- You were here a weapon shop, some fountains, a sink stairs to The Gnomish Mines The Gnomish Mines: Level 4 stairs to The Dungeons of Doom History has recorded: On T:1 you entered the Dungeons of Doom to retrieve the Amulet of Yendor! On T:628 you reached level 2 of The Dungeons of Doom. On T:659 you reached level 3 of The Dungeons of Doom. On T:687 you advanced to experience level 2. On T:814 you reached level 1 of The Gnomish Mines. On T:1043 you advanced to experience level 3. On T:1055 you advanced to experience level 4. Score breakdown: Gold: 0 ( 0 points) Experience: 4 levels ( 9649 points) Exploration: 4 levels ( 8.16%) ( 7500 points) Discoveries: 2 items ( 0.81%) ( 2705 points) Valuables value: (no points given unless you survive) Artifact value: 0 ( 0 points) Variety of kills: 15 monsters ( 3.94%) ( 5952 points) Turncount: 1191 turns ( 0 points) Survival: died (score multiplied by 80%) Total score: 20644 Latest messages: Something is engraved here on the headstone. You read: "The Grave of the Unknown Hacker". The door opens. Something is written here in the dust. You read: "Closed for inventory". You stop exploring. This door is locked. That door is closed. (2x) As you kick the door, it crashes open! "How dare you break my door?" Touverac zaps a curved wand! The wand hits you! Touverac zaps a wand of striking! The wand misses you. Touverac zaps a wand of striking! The wand hits you! You displace your kitten. Touverac zaps a wand of striking! The wand hits you! You die... Touverac takes all your possessions. Final status: Goodbye Hakan the Barbarian, killed by a wand... You died in The Dungeons of Doom on dungeon level 3 with 20644 points, and 0 pieces of gold, after 1191 moves. You were level 4 with a maximum of 37 hit points when you died.